AoeStats
← Khirs

Arena

505263935Analyzed
4v4 RM · 24d ago on Sep 8, 2026· 65m 39s· 8 players
Game mode
Random Map
Map size
Large (8 player)
Population
200
Speed
Normal
Resources
Standard
Victory
Conquest
Starting age
Dark Age
Ending age
Imperial Age
RankedLock teamsTeams togetherTeam positionsShared explorationLock speedFull tech treeHidden civsTurbo modeCheats
Victory
Defeat
🇫🇷 Magyars · France
890
+15
🇪🇸 Chinese · Spain
881
+15
🇬🇧 Britons · United Kingdom
865
+16
🇨🇳 Huns · China
856
+16
🇲🇽 Bengalis · Mexico
902
-17
🇨🇳 Dravidians · China
883
-16
🇨🇳 Magyars · China
853
-15
🇺🇸 Vietnamese · United States
837
-14
Khirs
0:40 Loom
10:46 Feudal Age
11:16 Double-Bit Axe
12:36 Horse Collar
20:12 Castle Age
18:30 Stone Mining
19:11 Gold Mining
19:40 Fletching
21:53 Stone Shaft Mining
21:56 Bow Saw
22:06 Padded Archer Armor
22:25 Heavy Plow
23:27 Bodkin Arrow
24:33 Ballistics
24:10 Murder Holes
27:40 Masonry
28:49 Wheelbarrow
28:45 Leather Archer Armor
33:47 Imperial Age
31:17 Pikeman
33:32 Hand Cart
33:56 Capped Ram
35:01 Conscription
35:00 Great Wall
35:54 Fortified Wall
35:14 Elite Chu Ko Nu
37:17 Bracer
37:21 Scale Mail Armor
39:59 Rocketry
39:42 Elite Skirmisher
40:28 Thumb Ring
42:28 Chemistry
42:00 Architecture
44:04 Ring Archer Armor
43:45 Forging
43:11 Siege Ram
49:01 Chain Mail Armor
49:22 Iron Casting
48:50 Halberdier
Asturon
8:57 Feudal Age
9:25 Double-Bit Axe
9:22 Horse Collar
17:56 Castle Age
15:52 Gold Mining
19:56 Heavy Plow
20:08 Bow Saw
23:30 Loom
26:25 Imperial Age
24:33 Stone Mining
26:46 Gold Shaft Mining
26:36 Ballistics
26:08 Fletching
26:19 Padded Archer Armor
28:34 Two-Man Saw
28:35 Wheelbarrow
28:30 Leather Archer Armor
28:40 Town Watch
31:10 Hand Cart
32:09 Chemistry
31:06 Bodkin Arrow
31:42 Ring Archer Armor
32:21 Bracer
32:45 Conscription
33:17 Elite Longbowman
38:42 Yeomen
BLeu Roy
9:53 Feudal Age
13:55 Castle Age
12:34 Horse Collar
15:08 Double-Bit Axe
18:11 Husbandry
19:24 Heavy Plow
27:11 Wheelbarrow
26:21 Loom
26:22 Town Watch
26:41 Devotion
27:35 Bloodlines
28:57 Bow Saw
29:41 Fletching
30:01 Thumb Ring
31:33 Hand Cart
32:04 Bodkin Arrow
32:13 Corvinian Army
34:05 Scale Barding Armor
36:03 Padded Archer Armor
36:27 Chain Barding Armor
38:54 Imperial Age
37:43 Caravan
40:13 Ballistics
42:47 Parthian Tactics
42:34 Heavy Cavalry Archer
46:11 Elite Skirmisher
47:57 Chemistry
47:04 Siege Engineers
47:13 Masonry
47:49 Recurve Bow
48:25 Bracer
50:11 Hoardings
53:52 Conscription
61:51 Gold Mining
JOE
0:31 Loom
11:42 Feudal Age
17:55 Castle Age
16:44 Double-Bit Axe
16:42 Horse Collar
17:16 Stone Mining
17:17 Gold Mining
19:13 Wheelbarrow
20:20 Hand Cart
22:11 Gold Shaft Mining
23:39 Caravan
24:44 Bow Saw
24:57 Heavy Plow
32:00 Marauders
35:27 Imperial Age
35:52 Elite Tarkan
36:54 Conscription
37:43 Masonry
37:43 Scale Barding Armor
37:49 Forging
38:00 Husbandry
38:11 Bloodlines
38:58 Chain Barding Armor
42:33 Plate Barding Armor
42:34 Iron Casting
43:23 Light Cavalry
45:03 Hussar
54:28 Blast Furnace
brad
12:43 Feudal Age
14:40 Double-Bit Axe
14:36 Horse Collar
14:48 Gold Mining
14:49 Stone Mining
21:29 Castle Age
19:55 Arson
20:11 Scale Mail Armor
20:26 Forging
20:15 Loom
20:55 Loom
21:45 Wheelbarrow
22:04 Pikeman
22:45 Squires
23:02 Chain Mail Armor
24:24 Bow Saw
26:47 Hand Cart
27:23 Iron Casting
27:16 Fletching
28:35 Heavy Plow
29:13 Stone Shaft Mining
32:34 Imperial Age
31:04 Bodkin Arrow
31:09 Padded Archer Armor
31:49 Elite Skirmisher
32:35 Thumb Ring
33:07 Ballistics
32:57 Fortified Wall
34:24 Two-Man Saw
32:48 Imperial Skirmisher
35:30 Leather Archer Armor
35:24 Bracer
37:07 Chemistry
35:55 Treadmill Crane
36:20 Siege Engineers
37:29 Halberdier
40:01 Plate Mail Armor
40:02 Ring Archer Armor
51:52 Paper Money
51:02 Onager
Mono de Guayaba
chentao_1209
10:55 Feudal Age
15:00 Castle Age
13:15 Double-Bit Axe
13:12 Horse Collar
16:00 Wheelbarrow
21:08 Bow Saw
22:09 Heavy Plow
26:01 Hand Cart
30:30 Imperial Age
28:13 Fletching
28:23 Padded Archer Armor
28:20 Gold Mining
29:50 Gold Shaft Mining
29:40 Thumb Ring
30:41 Bodkin Arrow
31:02 Leather Archer Armor
30:46 Heavy Cavalry Archer
32:07 Parthian Tactics
32:25 Ballistics
32:39 Recurve Bow
33:00 Conscription
33:53 Chemistry
32:36 Treadmill Crane
33:56 Hoardings
34:31 Bracer
35:01 Ring Archer Armor
34:25 Elite Skirmisher
35:16 Imperial Skirmisher
38:01 Two-Man Saw
43:29 Elite Magyar Huszar
51:48 Corvinian Army
873108255
1:03 Loom
10:21 Feudal Age
10:45 Horse Collar
10:52 Double-Bit Axe
17:21 Castle Age
17:42 Gold Mining
25:06 Heavy Plow
26:01 Scale Mail Armor
26:12 Forging
27:38 Squires
27:23 Arson
27:24 Gambesons
28:43 Iron Casting
28:23 Chain Mail Armor
30:04 Medical Corps
35:53 Imperial Age
34:16 Fletching
34:46 Town Watch
35:40 Bow Saw
36:07 Padded Archer Armor
37:32 Plate Mail Armor
37:33 Ballistics
37:07 Town Watch
37:34 Stone Mining
39:43 Blast Furnace
40:28 Bodkin Arrow
44:29 Elite Urumi Swordsman
48:57 Wheelbarrow
50:29 Fortified Wall
52:43 Onager
55:02 Conscription
57:10 Chemistry
58:02 Masonry
57:45 Siege Onager
60:10 Wootz Steel
59:58 Bracer
61:53 Hoardings
63:31 Leather Archer Armor
Connection lost

Rejoining the realm…

Still unreachable

The connection could not be restored.

Session expired

The server has moved on; the page needs a fresh start.